 Dungeon Crawl Stone Soup version 0.29.0-13-gc9e81de378 (webtiles) character file.

Game seed: 10216811616670407329

273 smilodon the Trooper (level 6, -6/48 HPs)
             Began as a Demonspawn Fighter on Sept 8, 2022.
             Killed by nerve-wracking pain
             ... invoked by Grinder
              (8 damage)
             ... on level 3 of the Dungeon.
             The game lasted 00:06:14 (2702 turns).

smilodon the Trooper (Demonspawn Fighter)           Turns: 2702, Time: 00:06:15

Health: -6/48      AC: 11    Str: 18    XL:     6   Next: 2%
Magic:  6/6        EV:  5    Int: 11    God:
Gold:   110        SH:  5    Dex: 13    Spells: 5/5 levels left

rFire   . . .      SeeInvis .   q - +1 dagger (vamp)
rCold   . . .      Faith    .   c - +0 buckler
rNeg    . . .      Spirit   .   k - +0 plate armour
rPois   .          Reflect  .   (no helmet)
rElec   .          Harm     .   (no cloak)
rCorr   .          Rampage  .   (no gloves)
Will    .....                   (no boots)
Stlth   ..........              (no amulet)
HPRegen 0.16/turn               (no ring)
MPRegen 0.10/turn               (no ring)

@: invisible
A: foul stench 1, powered by death 1, big brain 1
a: no special abilities


You were on level 3 of the Dungeon.
You visited 1 branch of the dungeon, and saw 3 of its levels.
You also visited: Sewer.

You collected 110 gold pieces.

Inventory:

Hand Weapons
 a - a +0 trident
 i - a +0 short sword of freezing
 q - a +1 vampiric dagger (weapon)
Armour
 b - a +0 scale mail
 c - a +0 buckler (worn)
 k - a +0 plate armour (worn)
Jewellery
 g - a ring of resist corrosion
Scrolls
 f - a scroll of teleportation
 l - a scroll of magic mapping
Potions
 d - a potion of attraction
 m - a potion of haste


   Skills:
 + Level 4.0 Fighting
 * Level 1.9 Short Blades
 - Level 2.5 Polearms
 + Level 3.6 Armour
 + Level 1.2 Dodging
 + Level 3.7 Shields


You had 5 spell levels left.
You didn't know any spells.
Your spell library contained the following spells:

 Spells                   Type           Power      Damage    Failure   Level
 Blink                    Tloc           0%         N/A       100%        2
 Conjure Flame            Conj/Fire      0%         6-21      100%        3
 Ignite Poison            Fire/Tmut/Pois 0%         N/A       100%        3
 Lesser Beckoning         Tloc           0%         N/A       100%        3
 Sticky Flame             Conj/Fire      0%         2d3       100%        4
 Manifold Assault         Tloc           0%         N/A       100%        5


Dungeon Overview and Level Annotations

Branches:
Dungeon (3/15)              Sewer (visited)

Altars:

Shops:
D:1 *   D:3 !

Annotations:
D:3 Grinder


Innate Abilities, Weirdness & Mutations

You may rarely emit foul miasma when damaged in melee.
You regenerate a little health from kills.
You have an unusually large brain. (Int +2)


Message History

Your gnoll barely misses Grinder.
Grinder hits your gnoll.
Your gnoll writhes in agony.
Your gnoll closely misses Grinder.
Grinder gestures at you.
Your gnoll suddenly stops moving!
Grinder hits your gnoll.
Your gnoll writhes in agony.
Your gnoll dissolves into shadows!
Your gnoll misses Grinder. Grinder gestures at you.
Your gnoll writhes in agony.
Your gnoll hits Grinder with a +0 club.
Grinder says, "You look like you could use a good racking."
Grinder hits your gnoll.
Your gnoll writhes in agony.
Your gnoll hits Grinder with a +0 club. Grinder hits your gnoll!
Your gnoll dies!
Your gnoll's corpse dissolves into shadows!
Grinder gestures at you.
Your gnoll writhes in agony!
Your gnoll hits Grinder with a +0 club. Grinder hits your gnoll.
Your gnoll dies!
Your gnoll's corpse dissolves into shadows!
You hit Grinder but do no damage.
Grinder is moderately wounded.
Grinder hits you.
You writhe in agony.
You hit Grinder but do no damage.
Grinder is moderately wounded.
Grinder hits you!
* * * LOW HITPOINT WARNING * * *
You writhe in agony.
* * * LOW HITPOINT WARNING * * *
Grinder attacks as you move away! Grinder hits you.
* * * LOW HITPOINT WARNING * * *
You writhe in agony.
* * * LOW HITPOINT WARNING * * *
Okay, then.
Okay, then.
You fade into invisibility!
Grinder gestures at you. Pain shoots through your body!
You die...

##########..# #.#.......
#~.~~~~~~~..# #.###..#.#
##########..# # #.....
#>##..### ##'#.# #.##....#
##....# # ####
#.###.#.#.##.....# ... ...
#.##..#.#....<....
.....#.######.#......#........
....(.......5@.......+........
.(...#(########......#........
.#. #. ##.######....... .. #.#
##.....# .## #.# ##...## #.
#.# ##+# # #.# #.# #.# ### #.#
#.####.####.##


You could see Grinder (unable to see you).

Vanquished Creatures
  Pargi (Sewer)
  2 hounds
  Terence (D:2)
  Natasha (D:3)
  A gnoll (D:1)
  2 adders (D:3)
  2 worms (D:2)
  An orc (D:3)
  4 endoplasms
  2 goblins (D:2)
  2 hobgoblins
  2 jackals (D:2)
  A kobold (D:1)
  A quokka (D:1)
  6 ball pythons
  2 rats (D:1)
31 creatures vanquished.

Notes
Turn   | Place    | Note
-------+----------+-------------------------------------------
     0 | D:1      | smilodon the Demonspawn Fighter began the quest for the
                  | Orb.
     0 | D:1      | Reached XP level 1. HP: 18/18 MP: 1/1
   463 | D:1      | Gained mutation: You regenerate a little health from kills.
                  | [demonic ancestry]
   463 | D:1      | Reached XP level 2. HP: 12/24 MP: 2/2
   810 | D:1      | Found Foenugh's General Store.
  1163 | D:2      | Gained mutation: You may rarely emit foul miasma when
                  | damaged in melee. [demonic ancestry]
  1163 | D:2      | Reached XP level 3. HP: 23/29 MP: 3/3
  1234 | D:2      | Noticed Terence
  1250 | D:2      | Killed Terence
  1251 | D:2      | Reached XP level 4. HP: 25/35 MP: 4/4
  1909 | D:3      | Noticed Natasha
  1929 | D:3      | Killed Natasha
  2077 | D:3      | Reached skill level 1 in Short Blades
  2077 | D:3      | Reached XP level 5. HP: 36/42 MP: 5/5
  2318 | D:3      | Found Litor's Distillery.
  2342 | D:3      | Found a glowing drain.
  2372 | Sewer    | Entered a sewer
  2408 | Sewer    | Noticed Pargi
  2450 | Sewer    | Killed Pargi
  2451 | Sewer    | Reached skill level 4 in Fighting
  2451 | Sewer    | Reached skill level 1 in Dodging
  2451 | Sewer    | Gained mutation: You have an unusually large brain. (Int
                  | +2) [demonic ancestry]
  2451 | Sewer    | Reached XP level 6. HP: 28/48 MP: 6/6
  2661 | D:3      | Noticed Grinder
  2701 | D:3      | HP: 2/48 [Grinder (3)]
  2702 | D:3      | Killed from afar by Grinder

Illustrated notes

Levels and vault maps discovered:
D:1:      dpeg_arrival_shelter, layout_loops_ring, serial_shops,
          nicolae_lakefront_shop, chequers_serial_rivers_micro_d,
          nicolae_grassy_gnolls
D:2:      layout_loops_ring, basic_altar, uniq_terence
D:3:      layout_loops_corners, nicolae_overflow_crystal_walls,
          portal_sewer_entry_d, hellmonk_ecumenical_altar_inner_sanctum,
          serial_shops, shop, minmay_diced_spiral, uniq_ijyb, uniq_natasha,
          uniq_grinder

Skill      XL: |  1  2  3  4  5 |
---------------+----------------+-----
Polearms       | 2 |  2.5
Armour         | 3 |  3.6
Shields        | 3 |  3.7
Short Blades   | 1 |  1.9
Fighting       | 4 |  4.0
Dodging        | 1 |  1.2

Action                   |  1- 3 |  4- 6 || total
-------------------------+-------+-------++-------
Melee: Trident           |    59 |    11 ||    70
       Short sword       |       |    55 ||    55
       Dagger            |       |   130 ||   130
Throw: Dart              |       |     3 ||     3
  Use: Potion            |     3 |     6 ||     9
       Scroll            |     4 |     6 ||    10
 Stab: Invisible         |       |     6 ||     6
Armor: Scale mail        |     3 |       ||     3
       Plate armour      |    25 |   151 ||   176
Dodge: Dodged            |    11 |    61 ||    72
Block: Buckler           |     6 |    41 ||    47
